 Dungeon Crawl Stone Soup version 0.31-a0-369-g8eba5f6939 (webtiles) character file.

Game seed: 8258817331323019931

5267 quinnr the Zephyrmancer (level 10, -7/64 HPs)
             Began as a Tengu Air Elementalist on July 28, 2023.
             Was a Priest of Sif Muna.
             Hit by a large rock thrown by a cyclops (30 damage)
             ... on level 11 of the Dungeon.
             The game lasted 00:20:52 (9969 turns).

quinnr the Zephyrmancer (Tengu Air Elementalist)    Turns: 9969, Time: 00:20:53

Health: -7/64      AC:  3    Str:  8    XL:     10   Next: 62%
Magic:  5/21       EV: 17    Int: 20    God:    Sif Muna [***...]
Gold:   380        SH:  5    Dex: 15    Spells: 15/23 levels left

rFire   . . .        t - staff of air {!a}
rCold   . . .        (no shield)
rNeg    + . .        d - +1 robe {Will+}
rPois   .            (helmet restricted)
rElec   +            (no cloak)
rCorr   .            (no gloves)
SInv    +            (boots unavailable)
Will    +....        E - amulet of reflection
Stlth   ++           N - ring of positive energy
HPRegen 0.30/turn    v - ring of see invisible
MPRegen 0.17/turn

%: reflection
@: flying quickly and evasively, quick
A: beak, talons 3, nimble flight
a: Renounce Religion, Channel Magic, Forget Spell


You were on level 11 of the Dungeon.
You worshipped Sif Muna.
Sif Muna was most pleased with you.
You visited 2 branches of the dungeon, and saw 10 of its levels.

You collected 380 gold pieces.


Innate Abilities, Weirdness & Mutations

You have a beak for a mouth.
You have claws for feet.
Your magical nature lets you fly swiftly and evasively.


   Skills:
 - Level 8.0 Fighting
 - Level 2.0 Staves
 - Level 2.0 Armour
 - Level 6.0 Dodging
 - Level 3.0 Stealth
 - Level 7.0 Spellcasting
 - Level 4.0 Conjurations
 - Level 10.0 Air Magic
 - Level 3.0 Invocations
 + Level 3.2 Evocations


You had 15 spell levels left.
You knew the following spells:

 Your Spells              Type           Power      Damage    Failure   Level
a - Airstrike             Air            31%        2d(5-21)  1%          4
i - Swiftness             Air            63%        N/A       1%          3
z - Shock                 Conj/Air       100%       1d9       1%          1

Your spell library contained the following spells:

 Spells                   Type           Power      Damage    Failure   Level
 Static Discharge         Conj/Air       100%       2-7/arc   1%          2
 Slow                     Hex            28%        N/A       10%         1
 Call Canine Familiar     Summ           7%         N/A       28%         3
 Confusing Touch          Hex            7%         N/A       28%         3
 Portal Projectile        Hex/Tloc       14%        N/A       28%         3
 Vampiric Draining        Necr           7%         2d6       28%         3
 Leda's Liquefaction      Hex/Erth       3%         N/A       67%         4

Inventory:

Armour
 a - a +0 robe
 d - a +1 robe of willpower (worn)
 z - a +0 pair of gloves
 B - the +3 pair of gloves "Rufan" {*Slow rElec Str+3 Int+3 Slay+2}
   (You found it on level 7 of the Dungeon)

   Str:       It affects your strength (+3).
   Int:       It affects your intelligence (+3).
   Slay:      It affects your accuracy & damage with ranged weapons and melee
   (+2).
   rElec:     It insulates you from electricity.
   *Slow:     It may slow you when you take damage.
Magical Staves
 t - a staff of air (weapon) {!a}
Jewellery
 v - a ring of see invisible (right hand)
 C - a ring of ice
 D - the ring "Kuit" {rF+ Int-5 Dex+6 SInv}
   (You found it on level 11 of the Dungeon)

   [ring of dexterity]

   Int:       It affects your intelligence (-5).
   Dex:       It affects your dexterity (+6).
   rF:        It protects you from fire.
   SInv:      It lets you see invisible.
 E - an amulet of reflection (around neck)
 N - a ring of positive energy (left hand)
Wands
 s - a wand of digging (5)
 y - a wand of paralysis (2)
Scrolls
 e - 5 scrolls of identify {unknown}
 g - 8 scrolls of teleportation {unknown}
 i - a scroll of noise {unknown}
 k - a scroll of enchant armour {unknown}
 n - 2 scrolls of enchant weapon {unknown}
 q - a scroll of fear {unknown}
 w - a scroll of immolation
Potions
 b - 2 potions of magic
 c - 2 potions of berserk rage {unknown}
 f - 5 potions of heal wounds {unknown}
 h - 5 potions of attraction {unknown}
 j - a potion of invisibility {unknown}
 l - 3 potions of haste {unknown}
 m - 2 potions of curing {unknown}
 o - 2 potions of enlightenment {unknown}
 p - a potion of mutation {unknown}
 r - 2 potions of degeneration {unknown}
 u - a potion of might {unknown}
 x - a potion of brilliance {unknown}
 A - a potion of lignification {unknown}

Dungeon Overview and Level Annotations

Branches:
Dungeon (11/15)            Temple (1/1) D:4
   Lair: D:8-11         Orc: D:9-12

Altars:
Ashenzari
Cheibriados
Dithmenos
Elyvilon
Gozag
Kikubaaqudgha
Makhleb
Nemelex Xobeh
Okawaru
Qazlal
Ru
Sif Muna
Trog
Uskayaw
Wu Jian
Xom
Yredelemnul
Zin
The Shining One

Shops:
D:3 [   D:11 *

Annotations:
D:2 Terence
D:4 1 exclusion
D:11 1 runed translucent door, Dimewkuo's ghost, journeyman OpEE

.. .. .....C.# . .
......# .# #.....# ..#
#.....###..#
#..........#
#..........##
#............
#....@.......
#######+####............
..................######
..............##+##
.......[......#
.......$......#
..............#
########......# #
#......#


You could see a cyclops.


Message History

Confirm with . or Enter, or press ? or * to list all spells.
Aiming: Airstrike (dangerous; 1% risk of failure)
Press: ? - help, Dir - move target, f/p - cyclops
Aim: a cyclops, quivering large rocks (moderately wounded, empty space bonus: 5/8)
You feel a surge of power!
The air twists around and strikes the cyclops!
The cyclops is heavily wounded.
The cyclops throws a large rock.
The large rock hits you!
Casting: Airstrike (dangerous; 1% risk of failure)
Confirm with . or Enter, or press ? or * to list all spells.
Aiming: Airstrike (dangerous; 1% risk of failure)
Press: ? - help, Dir - move target, f/p - cyclops
Aim: a cyclops, quivering large rocks (heavily wounded, empty space bonus: 5/8)
You feel a surge of power!
The air twists around and strikes the cyclops.
The cyclops is severely wounded.
The walls and floor vibrate strangely for a moment.
The cyclops throws a large rock.
The large rock hits you!!
* * * LOW HITPOINT WARNING * * *
Unknown command.
Casting: Airstrike (dangerous; 1% risk of failure)
Confirm with . or Enter, or press ? or * to list all spells.
Aiming: Airstrike (dangerous; 1% risk of failure)
Press: ? - help, Dir - move target, f/p - cyclops
Aim: a cyclops, quivering large rocks (severely wounded, empty space bonus: 5/8)
You feel a surge of power!
The air twists around and strikes the cyclops!!
The cyclops is almost dead.
The cyclops throws a large rock.
The large rock hits you!!
You die...

Skill      XL: |  1  2  3  4  5  6  7  8  9 10 |
---------------+-------------------------------+-----
Conjurations   | 2 3 4 |  4.0
Fighting       | 1 2 3 4 7 8 |  8.0
Stealth        | 3 |  3.0
Dodging        | 3 5 6 |  6.0
Air Magic      | 5 7 9 10 | 10.0
Spellcasting   | 3 4 6 7 |  7.0
Invocations    | 3 |  3.0
Staves         | 2 |  2.0
Armour         | 2 |  2.0
Evocations     | 3 |  3.2

Action                     |  1- 3 |  4- 6 |  7- 9 | 10-12 || total
---------------------------+-------+-------+-------+-------++-------
  Melee: Unarmed           |    14 |     7 |    13 |       ||    34
         Kick              |     3 |     2 |     5 |     9 ||    19
         Peck              |     2 |     1 |     1 |     6 ||    10
         Staff             |       |       |     2 |    20 ||    22
   Cast: Shock             |    72 |   101 |   271 |    55 ||   499
         Airstrike         |       |       |    39 |    43 ||    82
 Armour: Robe              |     5 |    10 |    10 |     3 ||    28
  Dodge: Dodged            |    18 |    24 |    84 |    14 ||   140
  Block: Other             |       |       |       |     4 ||     4

Levels and vault maps discovered:
D:1:      lightli_arrival_boilingwater, layout_basic
D:2:      layout_rooms, uniq_terence
D:3:      layout_rooms, serial_rivers, chequers_serial_rivers_micro_b,
          chequers_serial_rivers_micro_a, chequers_serial_rivers_small_b,
          chequers_serial_rivers_large_a, shapermc_ecumenical_altar_mp_vishouse,
          serial_shops, nicolae_square_shop, uniq_sigmund
D:4:      layout_rooms, minmay_temple_entry_butterflies, serial_undead,
          serial_undead_a, serial_undead_c, serial_undead_a, serial_undead_a,
          serial_undead_c, serial_undead_b, serial_undead_a, serial_undead_c,
          uniq_pikel
D:5:      layout_rooms, amethyst_overflow_temple_binary
D:6:      layout_rooms, kennysheep_generic_room_7
D:7:      layout_basic, nicolae_overflow_quartered_altars,
          kennysheep_generic_room_12
D:8:      layout_basic, supply_closet_lemuel
D:11:     layout_irregular_city, ebering_ghost_inner_flame,
          gauntlet_entry_generic, serial_shops, shop, shop
Temple:   nicolae_temple_god_jail

Notes
Turn   | Place    | Note
-------+----------+-------------------------------------------
     0 | D:1      | quinnr the Tengu Air Elementalist began the quest for the
                  | Orb.
     0 | D:1      | Reached XP level 1. HP: 10/10 MP: 4/4
    18 | D:1      | Reached skill level 2 in Conjurations
   109 | D:1      | Reached XP level 2. HP: 15/15 MP: 3/6
   370 | D:1      | Reached skill level 3 in Conjurations
   715 | D:1      | Reached skill level 1 in Fighting
  1161 | D:2      | Reached XP level 3. HP: 20/20 MP: 4/7
  1258 | D:2      | Reached skill level 3 in Stealth
  1460 | D:2      | Noticed Terence
  1508 | D:2      | Reached skill level 2 in Fighting
  1508 | D:2      | Reached XP level 4. HP: 19/26 MP: 2/8
  1709 | D:2      | Identified the +8 short sword of Lierch {heavy, rF+ Stlth+}
  2280 | D:3      | Gained mutation: Your magical nature lets you fly swiftly
                  | and evasively. [Tengu growth]
  2280 | D:3      | Reached XP level 5. HP: 30/30 MP: 3/9
  2348 | D:3      | Noticed Sigmund
  2363 | D:3      | Found Beistry's Antique Armour Shoppe.
  2403 | D:3      | Reached skill level 3 in Dodging
  2711 | D:3      | Reached skill level 5 in Air Magic
  2716 | D:3      | Reached skill level 3 in Spellcasting
  2753 | D:3      | Reached XP level 6. HP: 13/35 MP: 4/11
  3031 | D:3      | Killed Sigmund
  3032 | D:3      | Reached skill level 7 in Air Magic
  3256 | D:3      | Found a faded altar of an unknown god.
  3496 | D:4      | Reached XP level 7. HP: 40/40 MP: 12/12
  3586 | D:4      | Learned a level 4 spell: Airstrike
  3596 | D:4      | Reached skill level 8 in Air Magic
  3705 | D:4      | Noticed Pikel
  4228 | D:4      | Killed Pikel
  4229 | D:4      | Reached skill level 9 in Air Magic
  4229 | D:4      | Reached skill level 3 in Fighting
  4229 | D:4      | Reached skill level 5 in Dodging
  4229 | D:4      | Reached skill level 4 in Spellcasting
  4229 | D:4      | Reached XP level 8. HP: 43/46 MP: 1/15
  4233 | D:4      | Learned a level 3 spell: Swiftness
  4670 | D:4      | Found a staircase to the Ecumenical Temple.
  4684 | Temple   | Entered the Ecumenical Temple
  4726 | Temple   | Became a worshipper of Sif Muna the Loreminder
  4775 | D:4      | Reached skill level 10 in Air Magic
  4917 | D:4      | Reached skill level 4 in Fighting
  5322 | D:5      | Entered Level 5 of the Dungeon
  5500 | D:5      | Identified the +4 chain mail of Wu Jian's Esteem {+Inv
                  | Int-4 Dex+8 Slay+2}
  5533 | D:5      | Reached XP level 9. HP: 53/53 MP: 14/17
  5542 | D:5      | Reached * piety under Sif Muna
  5543 | D:5      | Reached skill level 5 in Fighting
  5615 | D:5      | Reached skill level 5 in Spellcasting
  6250 | D:5      | Found a hide-covered altar of Uskayaw.
  6261 | D:5      | Found an opulent altar of Gozag.
  6372 | D:6      | Reached skill level 6 in Spellcasting
  6758 | D:6      | Reached skill level 6 in Fighting
  6758 | D:6      | Reached skill level 1 in Invocations
  6824 | D:6      | Reached skill level 2 in Invocations
  7023 | D:6      | Reached skill level 3 in Invocations
  7109 | D:6      | Reached skill level 4 in Conjurations
  7446 | D:6      | Reached ** piety under Sif Muna
  7447 | D:6      | Reached skill level 1 in Staves
  7514 | D:6      | Reached skill level 2 in Staves
  7794 | D:7      | Reached skill level 7 in Fighting
  7970 | D:7      | Reached XP level 10. HP: 63/63 MP: 15/20
  8134 | D:7      | Reached skill level 6 in Dodging
  8134 | D:7      | Reached skill level 1 in Armour
  8298 | D:7      | Reached skill level 2 in Armour
  8562 | D:7      | Found a glowing golden altar of the Shining One.
  8579 | D:7      | Identified the +3 pair of gloves "Rufan" {*Slow rElec Str+3
                  | Int+3 Slay+2}
  8588 | D:7      | Found a snail-covered altar of Cheibriados.
  8600 | D:7      | Found an iron altar of Okawaru.
  9104 | D:7      | Found a basalt altar of Yredelemnul.
  9311 | D:8      | Reached skill level 8 in Fighting
  9438 | D:8      | You are sucked into a shaft and drop 3 floors!
  9523 | D:11     | Identified the ring "Kuit" {rF+ Int-5 Dex+6 SInv}
  9529 | D:11     | Reached *** piety under Sif Muna
  9558 | D:11     | Found a runed translucent door.
  9559 | D:11     | Noticed a fire giant
  9559 | D:11     | Noticed Dimewkuo's ghost (journeyman OpEE)
  9628 | D:11     | Reached skill level 7 in Spellcasting
  9639 | D:11     | Reached skill level 1 in Evocations
  9646 | D:11     | Reached skill level 2 in Evocations
  9814 | D:11     | Reached skill level 3 in Evocations
  9928 | D:11     | Found Doamang's General Store.
  9965 | D:11     | Noticed a cyclops
  9969 | D:11     | Hit by a large rock thrown by a cyclops

Vanquished Creatures
  Pikel (D:4)
  A troll (D:11)
  Sigmund (D:3)
  5 yaks (D:11)
  An acid dragon (D:6)
  2 orc warriors
  3 ice beasts
  A black bear (D:6)
  3 sky beasts
  2 ogres (D:6)
  A centaur (D:7)
  A lemure (D:3)
  2 phantoms (D:4)
  2 kobold brigands
  2 bullfrogs
  3 scorpions
  A water moccasin zombie (D:4)
  8 wights
  A water moccasin skeleton (D:4)
  3 howler monkeys
  6 hounds
  6 jellies
  7 orc priests
  A bullfrog zombie (D:4)
  A gnoll bouda (D:5)
  3 iguanas (D:4)
  5 orc wizards
  2 hound zombies (D:4)
  3 hound skeletons (D:4)
  17 gnolls
  A howler monkey zombie (D:4)
  10 adders
  2 shadow imps
  A white imp (D:6)
  An ufetubus (D:6)
  4 adder zombies (D:4)
  An adder skeleton (D:4)
  A worm (D:5)
  3 dart slugs
  28 orcs
  9 bats
  5 endoplasms
  6 giant cockroaches
  5 goblins
  8 hobgoblins
  2 jackals (D:2)
  3 quokkas
  4 ball pythons
  4 frilled lizards (D:1)
  13 kobolds
  4 rats
210 creatures vanquished.

Table legend: (Time is in decaauts)
 A = Elapsed time spent in this place.
 B = Non-inter-level travel time spent in this place.
 C = Inter-level travel time spent in this place.
 D = Time resting spent in this place.
 E = Time spent auto-exploring this place.
 F = Levels seen in this place.
 G = Mean time per level.
                   A        B        C        D        E       F      G
               +--------+--------+--------+--------+--------+-----+--------+
         Total |   9659 |   9342 |    317 |    766 |   6848 |  10 |  965.9 |
       Dungeon |   9605 |   9303 |    302 |    766 |   6848 |   9 | 1067.2 |
        Temple |     53 |     38 |     15 |      0 |      0 |   1 |   53.0 |
               +--------+--------+--------+--------+--------+-----+--------+

Top non-repeatable levels by time:
     D:4: 1656 daAuts
     D:7: 1529 daAuts
     D:3: 1484 daAuts
     D:6: 1280 daAuts
     D:1: 1160 daAuts
     D:5: 1002 daAuts
     D:2: 949 daAuts
    D:11: 506 daAuts
  Temple: 53 daAuts
     D:8: 35 daAuts

Table legend:
 A = Non-vault XP
 B = Vault XP
 C = Vault XP percentage of total XP
 D = Non-vault monster count
 E = Vault monster count
 F = Vault count percentage of total count
                 A         B        C        D         E       F
            +---------+---------+-------+---------+---------+-------
      Total |    5930 |    1595 |  21.2 |     188 |      21 |  10.0
            +---------+---------+-------+---------+---------+-------
        D:1 |      33 |       0 |   0.0 |      19 |       0 |   0.0
        D:2 |      86 |       0 |   0.0 |      18 |       0 |   0.0
        D:3 |     262 |     231 |  46.9 |      30 |       1 |   3.2
        D:4 |     306 |    1188 |  79.5 |      23 |      17 |  42.5
        D:5 |     671 |       0 |   0.0 |      23 |       0 |   0.0
        D:6 |    1365 |     173 |  11.2 |      27 |       2 |   6.9
        D:7 |    1317 |       3 |   0.2 |      29 |       1 |   3.3
        D:8 |     469 |       0 |   0.0 |      10 |       0 |   0.0
       D:11 |    1421 |       0 |   0.0 |       9 |       0 |   0.0
            +---------+---------+-------+---------+---------+-------

Levels and vault maps discovered:
D:1:      lightli_arrival_boilingwater, layout_basic
D:2:      layout_rooms, uniq_terence
D:3:      layout_rooms, serial_rivers, chequers_serial_rivers_micro_b,
          chequers_serial_rivers_micro_a, chequers_serial_rivers_small_b,
          chequers_serial_rivers_large_a, shapermc_ecumenical_altar_mp_vishouse,
          serial_shops, nicolae_square_shop, uniq_sigmund
D:4:      layout_rooms, minmay_temple_entry_butterflies, serial_undead,
          serial_undead_a, serial_undead_c, serial_undead_a, serial_undead_a,
          serial_undead_c, serial_undead_b, serial_undead_a, serial_undead_c,
          uniq_pikel
D:5:      layout_rooms, amethyst_overflow_temple_binary
D:6:      layout_rooms, kennysheep_generic_room_7
D:7:      layout_basic, nicolae_overflow_quartered_altars,
          kennysheep_generic_room_12
D:8:      layout_basic, supply_closet_lemuel
D:11:     layout_irregular_city, ebering_ghost_inner_flame,
          gauntlet_entry_generic, serial_shops, shop, shop
Temple:   nicolae_temple_god_jail
